Map: Tiefseeriff LE

Players

Bartek - Winner!

  • Race: Zerg Zerg
  • League: Diamond
  • Spawn Location: 5:00

Panda

  • Race: Zerg Zerg
  • League: Diamond
  • Spawn Location: 11:00

VOD

Have the link to the VOD?

Description

Time

  • Played on: Sept. 9, 2017, 9:21 p.m.
  • Length: 5:41
Show
View Real Time Build Order
Export as new Build Order

Bartek Zerg - Winner!

Build Orders: Hatch First 

Get SALT Encoding   

  12  0:01  Drone  
  13  0:12  Overlord  
  13  0:17  Drone  
  14  0:31  Drone x2  
  14  0:35  Drone  
  17  0:52  Hatchery  
  17  0:55  Drone  
  17  0:59  Extractor  
  16  1:12  Spawning Pool  
  16  1:14  Drone  
  16  1:22  Drone x2  
  18  1:31  Drone  
  19  1:42  Drone  
  20  1:50  Drone  
  21  1:59  Metabolic Boost  
  21  2:03  Queen  
  21  2:04  Zergling x2  
  21  2:06  Zergling x2  
  25  2:11  Zergling x2  
  26  2:15  Zergling x2  
  27  2:26  Zergling x4  
  27  2:35  Baneling Nest  
  26  2:48  Drone  
  27  2:53  Queen  
  27  3:00  Drone  
  27  3:03  Spine Crawler  
  27  3:07  Drone  
  28  3:16  Spine Crawler  
  28  3:17  Zergling x2  
  20  3:48  Drone x3  
  22  3:49  Queen  
  22  3:54  Zergling x4  
  26  3:59  Zergling x2  
  27  4:24  Overlord  
  27  4:30  Queen, Roach Warren  
  25  4:37  Zergling x4  
  25  4:38  Zergling x4  
  28  4:42  Overlord  
  28  4:44  Queen  
  30  4:55  Drone  
  30  4:57  Drone x2  
  33  5:06  Zergling x4  
  35  5:10  Roach x2  
Show
View Real Time Build Order
Export as new Build Order

Panda Zerg 

Build Orders: Pool Only, Zergling Baneling 

Get SALT Encoding   

  12  0:01  Drone  
  13  0:19  Extractor  
  12  0:25  Spawning Pool  
  12  0:28  Drone  
  12  0:32  Drone  
  13  0:37  Drone  
  14  0:46  Overlord  
  14  1:12  Zergling x6  
  14  1:14  Queen  
  19  1:24  Metabolic Boost  
  19  1:29  Zergling x2  
  20  1:34  Zergling x2  
  21  1:45  Zergling x2  
  22  1:50  Baneling Nest  
  21  1:58  Overlord  
  21  2:07  Zergling x2  
  22  2:25  Zergling x6  
  24  2:32  Zergling x4  
  25  2:48  Zergling x2  
  24  2:57  Zergling x2  
  22  3:00  Baneling  
  22  3:01  Baneling x5  
  22  3:22  Zergling x2  
  20  3:34  Zergling x4  
  20  3:47  Zergling x2  
  21  3:52  Zergling x2  
  21  3:59  Zergling x2  
  21  4:01  Baneling  
  21  4:02  Baneling x2  
  21  4:22  Zergling x4  
  20  4:33  Zergling x2  
  21  4:41  Zergling x6  
  21  4:43  Baneling x5  
  24  4:55  Zergling x2  
  21  5:24  Zergling x8  
Tags
 
Matchup
ZvZ
Race
Zerg
Replay Pack
replays1
Spawn Locations
Cross Positions
Add a new tag
Caveats
  • Supply blocks, unpowered buildings, or Contaminate may cause inaccurate times.
  • Supply counts are checked every 10 seconds.